Map: Orbital Shipyard

Players

Otarku - Winner!

  • Race: Terran Terran
  • League: Platinum

ImotoFantasy

  • Race: Protoss Protoss
  • League: Gold

VOD

Have the link to the VOD?

Description

Time

  • Played on: Oct. 25, 2015, 3:13 p.m.
  • Length: 15:43
Show
View Real Time Build Order
Export as new Build Order

Otarku Terran - Winner!

Build Orders: Command Center First (CC), MMM Bio 

Get SALT Encoding   

  12  0:00  SCV  
  13  0:12  SCV  
  14  0:17  Supply Depot  
  14  0:25  SCV  
  15  0:39  SCV  
  16  0:51  SCV  
  17  1:01  Command Center  
  17  1:05  SCV  
  18  1:15  Barracks  
  18  1:20  SCV  
  19  1:28  Refinery  
  19  1:32  SCV  
  20  1:44  SCV  
  20  1:46  Barracks  
  21  2:03  Marine  
  21  2:05  Orbital Command  
  22  2:18  Orbital Command  
  22  2:20  Bunker  
  22  2:27  Marine  
  23  2:33  SCV  
  24  2:38  Factory  
  24  2:39  Marine  
  25  2:47  SCV  
  25  2:48  Supply Depot  
  25  2:49  SCV  
  27  2:56  Refinery, Marine  
  28  2:59  SCV  
  28  3:03  Marine  
  28  3:05  SCV  
  31  3:16  SCV  
  31  3:18  Barracks  
  32  3:20  SCV  
  32  3:25  Factory Tech Lab  
  33  3:28  Starport, Marine x2  
  33  3:31  SCV  
  36  3:35  Supply Depot, SCV  
  37  3:43  SCV  
  37  3:47  Barracks Tech Lab  
  37  3:48  SCV  
  39  3:53  Refinery  
  39  3:55  SCV  
  40  3:58  Barracks  
  40  4:01  Barracks  
  40  4:03  SCV  
  40  4:07  SCV  
  42  4:12  Banshee, Cloaking Field  
  42  4:15  SCV  
  48  4:17  Marauder  
  48  4:19  Concussive Shells  
  48  4:21  SCV  
  49  4:25  Barracks Tech Lab  
  49  4:26  Barracks Tech Lab  
  49  4:29  Supply Depot  
  49  4:30  SCV  
  50  4:33  SCV  
  50  4:34  Refinery  
  53  4:38  Marauder  
  53  4:42  SCV  
  54  4:47  Barracks Reactor  
  54  4:50  Barracks Reactor  
  54  4:51  SCV, Marauder, Supply Depot  
  57  4:55  Supply Depot  
  57  4:56  Banshee  
  61  5:00  SCV  
  61  5:07  SCV  
  61  5:11  Stimpack  
  61  5:13  Marauder  
  64  5:15  Supply Depot, Marauder  
  64  5:18  Supply Depot, Marauder  
  64  5:19  SCV x2  
  70  5:22  Factory Reactor  
  70  5:28  Marine  
  70  5:29  Marine x2  
  70  5:30  Marine  
  70  5:31  SCV  
  70  5:34  Marauder  
  77  5:47  SCV  
  77  5:49  Marauder  
  80  5:55  SCV  
  80  5:56  Marine  
  80  5:57  Marauder, Marine x3  
  81  6:02  Command Center  
  84  6:09  Marauder  
  84  6:10  Supply Depot  
  86  6:12  SCV  
  86  6:14  Supply Depot, Marine  
  86  6:15  Marine x2  
  86  6:16  Marauder  
  86  6:17  Medivac  
  94  6:23  Engineering Bay  
  94  6:32  SCV, Marauder, Medivac  
  101  6:33  Marauder  
  101  6:36  Engineering Bay  
  101  6:39  Marauder  
  103  6:42  Supply Depot x2  
  103  6:44  SCV x2  
  103  6:45  Marine x2  
  103  6:46  Marine  
  110  6:54  Marauder  
  110  7:04  Medivac x2, Marauder x2  
  117  7:09  Missile Turret  
  117  7:11  Marine x4  
  121  7:19  Terran Infantry Weapons Level 1, Terran Infantry Armor Level 1  
  121  7:22  Missile Turret  
  121  7:25  Missile Turret  
  121  7:27  Missile Turret x2  
  121  7:30  Supply Depot  
  121  7:31  Marauder x2  
  121  7:32  Marauder  
  121  7:36  Orbital Command  
  127  7:42  Combat Shields  
  127  7:47  Ghost Academy  
  127  7:54  SCV  
  127  7:55  Marine x2  
  127  7:56  Marauder  
  134  7:58  Marauder  
  134  7:59  Marauder, Marine x2  
  134  8:00  SCV  
  134  8:03  Refinery  
  139  8:06  Medivac x2  
  139  8:08  SCV  
  139  8:11  Refinery  
  144  8:14  Marine x2  
  144  8:18  Ghost  
  148  8:29  Supply Depot  
  148  8:32  Supply Depot, Marine  
  149  8:50  Marauder x2, Marine x3  
  149  8:51  Supply Depot x2, SCV  
  149  8:53  Ghost  
  149  8:54  SCV  
  160  9:08  Marine x2  
  160  9:09  Marine x2  
  164  9:12  Marauder  
  164  9:14  Supply Depot  
  166  9:20  Command Center  
  166  9:22  Ghost  
  168  9:26  Ghost  
  170  9:34  Marauder  
  170  9:38  Marine x3  
  172  9:39  Marine  
  176  9:51  Ghost  
  178  9:55  Marauder x2  
  137  10:11  Marine x2  
  121  10:16  Marine x2  
  121  10:17  Marauder x2  
  121  10:20  Marauder  
  123  10:27  Armory  
  120  10:38  Marauder x2  
  120  10:41  Marauder  
  126  10:44  Marine x4  
  126  10:45  Bunker x2  
  126  10:46  Bunker  
  130  10:53  Barracks x2  
  127  10:58  Ghost  
  127  10:59  Marauder  
  127  11:02  Marine x3  
  127  11:03  Marauder, Marine  
  137  11:07  Planetary Fortress  
  137  11:20  Ghost  
  137  11:23  Ghost  
  140  11:27  Ghost  
  142  11:37  Marine x2  
  144  11:41  Barracks  
  144  11:49  Barracks  
  144  11:55  Marine x2  
  144  12:01  Marauder x3, Marine x2  
  117  12:08  Marine  
  117  12:22  Marauder  
  117  12:23  Marauder x2  
  115  12:39  Barracks Tech Lab  
  115  12:40  Barracks Tech Lab  
  119  12:44  Marauder x2  
  119  12:52  Marauder  
  119  12:54  Medivac  
  119  12:55  Medivac  
  125  13:00  Barracks Tech Lab x2  
  125  13:01  Terran Infantry Weapons Level 2, Terran Infantry Armor Level 2  
  125  13:05  Marauder x4  
  133  13:13  Marauder  
  133  13:14  Marine x2  
  133  13:15  Marine  
  133  13:17  Marine  
  139  13:20  Marauder  
  139  13:26  Marauder x2  
  139  13:27  Marauder x2  
  149  13:32  Marine x2  
  149  13:33  Marine, Marauder  
  154  13:35  Marine, Marauder  
  157  13:41  Marine  
  157  13:47  Marine, Marauder  
  157  13:48  Marine, Marauder  
  159  13:50  Marine x2  
  159  13:51  Marine  
  159  13:53  Marine  
  159  13:54  Marauder  
  165  13:59  Marauder  
  165  14:00  Marauder  
  169  14:04  Refinery  
  169  14:05  Refinery  
  169  14:06  Marauder x2  
  169  14:07  Marine  
  169  14:08  Marine  
  175  14:10  Marine  
  175  14:15  Command Center  
  175  14:16  Marauder x3  
  182  14:21  Marauder  
  184  14:24  Barracks  
  184  14:25  Barracks  
  184  14:27  Barracks x2, Marine  
  184  14:29  Barracks  
  184  14:30  Marauder x2, Marine x3  
  192  14:35  SCV x2  
  192  14:36  Command Center  
  192  14:37  Marauder  
  196  14:38  SCV x2  
  196  14:45  Marine  
  199  14:47  SCV  
  187  15:13  Marauder x2  
Show
View Real Time Build Order
Export as new Build Order

ImotoFantasy Protoss 

Build Orders:  

Get SALT Encoding   

  12  0:01  Probe (Chrono Boost)  
  13  0:13  Pylon  
  13  0:17  Probe (Chrono Boost)  
  14  0:28  Probe (Chrono Boost)  
  15  0:37  Gateway  
  15  0:38  Probe (Chrono Boost)  
  16  0:44  Assimilator  
  16  0:49  Probe (Chrono Boost)  
  17  0:59  Probe (Chrono Boost)  
  18  1:09  Pylon  
  18  1:10  Probe (Chrono Boost)  
  19  1:21  Probe (Chrono Boost)  
  19  1:24  Cybernetics Core  
  20  1:31  Probe (Chrono Boost)  
  21  1:42  Probe (Chrono Boost)  
  22  1:51  Nexus  
  22  1:55  Probe (Chrono Boost)  
  23  2:02  Warp Gate  
  23  2:06  Probe (Chrono Boost)  
  23  2:07  Assimilator  
  24  2:16  Stalker, Probe (Chrono Boost)  
  27  2:27  Probe (Chrono Boost)  
  28  2:30  Pylon  
  28  2:40  Pylon  
  28  2:43  Forge  
  28  2:44  Probe (Chrono Boost)  
  31  2:55  Mothership Core (Chrono Boost)  
  31  3:02  Pylon  
  31  3:03  Probe (Chrono Boost)  
  32  3:13  Probe x2 (Chrono Boost)  
  32  3:15  Protoss Ground Weapons Level 1 (Chrono Boost)  
  34  3:23  Probe  
  34  3:25  Gateway  
  34  3:26  Probe  
  36  3:34  Gateway  
  36  3:35  Probe  
  36  3:39  Probe  
  38  3:45  Robotics Facility  
  38  3:47  Probe  
  38  3:51  Probe  
  40  3:55  Assimilator  
  40  3:57  Assimilator  
  40  4:03  Probe  
  40  4:04  Probe  
  42  4:10  Sentry  
  42  4:11  Pylon  
  42  4:14  Probe  
  42  4:17  Probe  
  46  4:33  Observer  
  46  4:34  Sentry  
  49  4:43  Twilight Council  
  49  4:48  Protoss Ground Armor Level 1 (Chrono Boost)  
  49  4:49  Gateway  
  49  4:50  Gateway  
  49  4:51  Probe, Pylon  
  49  4:52  Probe  
  51  4:55  Gateway  
  51  5:02  Observer  
  51  5:06  Probe  
  52  5:07  Probe  
  52  5:10  Photon Cannon  
  54  5:14  Pylon  
  54  5:17  Photon Cannon  
  54  5:20  Pylon  
  54  5:27  Gateway  
  58  5:30  Charge (Chrono Boost)  
  58  5:34  Immortal  
  58  5:35  Pylon  
  58  5:42  Stalker  
  58  6:04  Stalker x2  
  62  6:06  Stalker x3  
  62  6:07  Stalker  
  70  6:26  Stalker  
  70  6:27  Protoss Ground Weapons Level 2 (Chrono Boost)  
  72  6:36  Probe x2  
  74  6:44  Stalker x2  
  78  6:54  Blink (Chrono Boost)  
  73  7:18  Immortal (Chrono Boost)  
  73  7:19  Zealot x2  
  73  7:20  Zealot x5  
  73  7:22  Probe x2  
  93  7:36  Nexus, Robotics Facility  
  93  7:38  Robotics Bay  
  93  7:40  Pylon x2  
  93  7:44  Pylon  
  93  7:50  Probe x2  
  95  7:52  Assimilator  
  95  7:56  Immortal (Chrono Boost)  
  95  7:57  Assimilator  
  99  8:04  Probe  
  99  8:05  Probe  
  101  8:20  Probe x2  
  101  8:25  Disruptor (Chrono Boost)  
  101  8:26  Disruptor (Chrono Boost)  
  106  8:34  Probe x2  
  111  8:44  Protoss Ground Weapons Level 3 (Chrono Boost)  
  111  8:46  Probe x3  
  114  8:58  Probe x3  
  114  9:00  Disruptor (Chrono Boost)  
  114  9:01  Disruptor (Chrono Boost)  
  122  9:12  Probe x2  
  122  9:13  Probe  
  125  9:19  Photon Cannon  
  125  9:21  Pylon  
  125  9:24  Photon Cannon  
  125  9:25  Photon Cannon  
  125  9:29  Photon Cannon  
  125  9:32  Observer (Chrono Boost)  
  125  9:33  Photon Cannon  
  125  9:37  Disruptor (Chrono Boost)  
  129  9:39  Zealot, Pylon  
  129  9:40  Zealot x5  
  129  9:43  Pylon  
  141  9:50  Disruptor (Chrono Boost), Zealot  
  117  10:07  Zealot x5  
  117  10:08  Zealot  
  108  10:24  Zealot  
  108  10:26  Probe x2  
  112  10:37  Nexus  
  112  10:40  Photon Cannon  
  112  10:43  Photon Cannon  
  112  10:45  Stalker x5  
  112  10:47  Probe  
  123  11:00  Probe x2  
  125  11:12  Probe  
  125  11:13  Probe  
  127  11:23  Zealot x4  
  127  11:24  Zealot x2  
  139  11:30  Pylon  
  138  11:43  Photon Cannon  
  138  11:46  Photon Cannon  
  120  12:08  Probe  
  83  12:09  Probe x2  
  83  12:15  Colossus (Chrono Boost)  
  91  12:20  Colossus (Chrono Boost)  
  91  12:24  Zealot x2  
  91  12:25  Zealot x4  
  101  12:33  Mothership Core  
  101  12:41  Extended Thermal Lance (Chrono Boost)  
  101  12:42  Protoss Ground Armor Level 2  
  101  12:46  Photon Cannon  
  101  12:47  Probe x2  
  101  12:48  Pylon  
  103  13:01  Probe x2, Immortal (Chrono Boost)  
  109  13:07  Immortal (Chrono Boost)  
  113  13:33  Stalker, Nexus  
  115  13:34  Stalker x3  
  121  13:42  Disruptor (Chrono Boost)  
  121  13:46  Disruptor (Chrono Boost)  
  126  14:02  Probe x2  
  128  14:03  Probe  
  128  14:08  Nexus  
  129  14:11  Pylon  
  129  14:12  Disruptor  
  129  14:15  Assimilator  
  129  14:21  Assimilator  
  132  14:24  Pylon  
  132  14:26  Sentry  
  132  14:27  Sentry  
  132  14:29  Probe  
  132  14:30  Probe x2  
  139  14:38  Photon Cannon  
  139  14:41  Photon Cannon  
  139  14:46  Templar Archives  
  139  14:55  Stalker  
  139  14:57  Stalker x2  
  139  14:58  Stalker  
  145  15:09  Zealot x2  
  155  15:22  Zealot  
  155  15:23  Zealot  
  112  15:36  Zealot  
  112  15:37  Zealot x2  
  112  15:39  Zealot  
Tags
 
Add a new tag
Caveats
  • Supply blocks, unpowered buildings, or Contaminate may cause inaccurate times.
  • Supply counts are checked every 10 seconds.